 Dungeon Crawl Stone Soup version 0.28-a0-475-g7dc2aef8ca (webtiles) character file.

Game seed: 17613283039005806560

1622 Kavrick the Destroyer (level 8, -5/57 HPs)
             Began as a Green Draconian Conjurer on Sept 16, 2021.
             Was an Initiate of Sif Muna.
             Slain by a manticore (12 damage)
             ... on level 7 of the Dungeon.
             The game lasted 00:24:12 (9718 turns).

Kavrick the Destroyer (Green Draconian Conjurer)    Turns: 9718, Time: 00:24:12

Health: -5/57      AC: 11    Str: 10    XL:     8   Next: 65%
Magic:  9/18       EV: 12    Int: 20    God:    Sif Muna [......]
Gold:   399        SH:  0    Dex: 10    Spells: 17/20 levels left

rFire   . . .      SeeInvis .   j - +1 dagger (elec)
rCold   . . .      Faith    .   (no shield)
rNeg    . . .      Spirit   .   (armour unavailable)
rPois   +          Reflect  .   c - +2 hat
rElec   .          Harm     .   l - +0 cloak
rCorr   .          Rampage  .   (no gloves)
Will    .....                   a - +1 pair of boots
Stlth   ++........              (no amulet)
HPRegen 0.19/turn               (no ring)
MPRegen 0.16/turn               (no ring)

@: spiked
A: breathe noxious fumes, AC +6, unfitting armour, poison resistance,
cold-blooded
a: Breathe Noxious Fumes, Renounce Religion


You were on level 7 of the Dungeon.
You worshipped Sif Muna.
Sif Muna was noncommittal.
You visited 2 branches of the dungeon, and saw 8 of its levels.

You collected 399 gold pieces.

Inventory:

Hand Weapons
 j - a +1 dagger of electrocution (weapon)
 m - a +1 dagger of draining
Armour
 a - a +1 pair of boots (worn)
 c - a +2 hat (worn)
 l - a +0 cloak (worn)
 n - a +0 pair of boots
Jewellery
 e - an amulet of faith
 w - a ring of protection from cold
Wands
 k - a wand of polymorph (11)
 s - a wand of flame (11)
Scrolls
 b - 2 scrolls of brand weapon
 p - 2 scrolls of identify
Potions
 d - a potion of haste {unknown}
 f - a potion of resistance {unknown}
 g - 2 potions of heal wounds {unknown}
 h - a potion of attraction {unknown}
 i - a potion of brilliance {unknown}
 q - 2 potions of flight {unknown}
 u - 2 potions of degeneration {unknown}
 v - 2 potions of berserk rage


   Skills:
 - Level 1.7 Dodging
 - Level 1.7 Stealth
 + Level 6.7 Spellcasting
 + Level 8.1 Conjurations
 + Level 5.1 Poison Magic
 + Level 1.3 Invocations


You had 17 spell levels left.
You knew the following spells:

 Your Spells              Type           Power      Damage    Failure   Level
a - Magic Dart            Conj           100%       1d8       1%          1
b - Searing Ray           Conj           78%        2d7       1%          2

Your spell library contained the following spells:

 Spells                   Type           Power      Damage    Failure   Level
 Dazzling Flash           Conj/Hex       44%        N/A       5%          3
 Animate Skeleton         Necr           12%        N/A       10%         1
 Apportation              Tloc           12%        N/A       10%         1
 Summon Small Mammal      Summ           24%        N/A       10%         1
 Fulminant Prism          Conj/Hex       11%        3d9       19%         4
 Iskenderun's Mystic Bla  Conj/Tloc      22%        2d6       19%         4


Dungeon Overview and Level Annotations

Branches:
Dungeon (7/15)             Temple (1/1) D:5

Altars:
Cheibriados
Dithmenos
Elyvilon
Gozag
Hepliaklqana
Kikubaaqudgha
Makhleb
Nemelex Xobeh
Okawaru
Qazlal
Ru
Sif Muna
Trog
Vehumet
Wu Jian
Xom
Yredelemnul
The Shining One


Innate Abilities, Weirdness & Mutations

You can breathe blasts of noxious fumes.
Your lurid green scales are hard. (AC +6)
You cannot fit into any form of body armour.
Your system is resistant to poisons. (rPois)
You are cold-blooded and may be slowed by cold attacks.


Message History

(Press . to maintain the ray.)
The manticore flicks its tail.
The volley of spikes misses you.
The searing ray hits the manticore.
The manticore is lightly wounded.
The searing ray hits the manticore.
The manticore is moderately wounded.
The manticore flicks its tail.
The volley of spikes hits you!
The barbed spikes become lodged in your body.
* * * LOW HITPOINT WARNING * * *
Casting: Searing Ray (safe; 1% risk of failure)
Confirm with . or Enter, or press ? or * to list all spells.
Okay, then.
As you read the scroll labelled ECEMUCSIAN, it crumbles to dust.
It is a scroll of amnesia.
Really abort (and waste the scroll)?
Okay, then.
The manticore flicks its tail.
The volley of spikes hits you!
The barbed spikes become lodged in your body.
* * * LOW HITPOINT WARNING * * *
As you read the scroll labelled GOCEOLEXUU, it crumbles to dust.
The scroll dissolves into smoke.
It was a scroll of fog.
The manticore flicks its tail.
The volley of spikes misses you.
Okay, then.
Okay, then.
Casting: Searing Ray (safe; 1% risk of failure)
Confirm with . or Enter, or press ? or * to list all spells.
Aiming: Searing Ray (safe; 1% risk of failure)
Press: ? - help, Shift-Dir - straight line, f/p - manticore
Aim: a manticore (moderately wounded, 88% to hit)
The searing ray hits the manticore!
The manticore is heavily wounded. (Press . to maintain the ray.)
The searing ray hits the manticore.
The manticore is heavily wounded.
The manticore bites you!
You die...

#...# #.#.#.#).# #.<
#...#########.#.#....###..
#.............#.#.........
#....#######.[#.#...######
#....#######..#.#...#
#.........##..#.#.#>#
#.....###§##..#.#.#.#
#.....#§§§§§....#.#.#
####..#.#@#######.#.#
#..#.#H§§..... #^ #..#
.§.#.#### #..#....# #
#.......# ##.#### #. #.


You could see a manticore.

Vanquished Creatures
  2 necrophages
  An ogre (D:6)
  3 centaurs
  A phantom (D:5)
  3 water moccasin skeletons
  3 wights (D:4)
  A bullfrog zombie (D:6)
  2 centaur zombies
  2 hounds
  A gnoll shaman (D:6)
  3 iguanas
  7 orc wizards
  A hound skeleton (D:5)
  Robin (D:3)
  8 gnolls (D:6)
  12 adders
  An ufetubus (D:6)
  A worm (D:3)
  2 dart slugs
  18 orcs
  7 ball pythons
  5 endoplasms
  A giant cockroach (D:4)
  13 goblins
  16 hobgoblins
  6 jackals
  5 quokkas
  3 bats
  4 frilled lizards
  6 kobolds
  6 rats
  A bush (D:6)
146 creatures vanquished.

Vanquished Creatures (others)
  A plant (D:2)
1 creature vanquished.

Grand Total: 147 creatures vanquished

Notes
Turn   | Place    | Note
-------+----------+-------------------------------------------
     0 | D:1      | Kavrick the Draconian Conjurer began the quest for the Orb.
     0 | D:1      | Reached XP level 1. HP: 14/14 MP: 3/3
   418 | D:1      | Reached XP level 2. HP: 20/20 MP: 3/5
  1163 | D:1      | Reached XP level 3. HP: 26/26 MP: 2/7
  1388 | D:2      | Learned a level 2 spell: Searing Ray
  1602 | D:2      | Found a faded altar of an unknown god.
  1750 | D:2      | Reached XP level 4. HP: 33/33 MP: 4/8
  2047 | D:2      | Reached skill level 5 in Conjurations
  2678 | D:3      | Reached XP level 5. HP: 23/38 MP: 0/10
  2984 | D:3      | Noticed Robin
  3014 | D:3      | Killed Robin
  3356 | D:3      | Found a bloodstained altar of Trog.
  5264 | D:4      | Reached XP level 6. HP: 45/45 MP: 6/12
  5473 | D:4      | Reached skill level 6 in Conjurations
  5921 | D:5      | Entered Level 5 of the Dungeon
  6098 | D:5      | Reached skill level 5 in Spellcasting
  6294 | D:5      | Your scales start taking on a lurid green colour.
  6294 | D:5      | Reached XP level 7. HP: 50/50 MP: 6/14
  6294 | D:5      | Gained mutation: Your system is resistant to poisons.
                  | (rPois) [Green Draconian growth]
  6312 | D:5      | Found a staircase to the Ecumenical Temple.
  6328 | Temple   | Entered the Ecumenical Temple
  6594 | Temple   | Became a worshipper of Sif Muna the Loreminder
  6626 | D:5      | Reached skill level 1 in Poison Magic
  6873 | D:5      | Reached skill level 7 in Conjurations
  7353 | D:5      | Found an iron altar of Okawaru.
  7563 | D:5      | Found a sacrificial altar of Ru.
  8025 | D:6      | Reached XP level 8. HP: 53/57 MP: 7/17
  9139 | D:6      | Reached skill level 8 in Conjurations
  9317 | D:6      | Reached skill level 5 in Poison Magic
  9588 | D:7      | Reached skill level 1 in Invocations
  9680 | D:7      | Noticed a manticore
  9718 | D:7      | Slain by a manticore

Illustrated notes

Levels and vault maps discovered:
D:1:      dpeg_arrival_boxorama, layout_loops_ring
D:2:      layout_basic, hellmonk_ecumenical_altar_slurped_away,
          hex_intersection, corexii_shack, item_on_display_a
D:3:      layout_basic, mainiacjoe_overflow_surrounded_room, uniq_robin
D:4:      layout_layer_cave
D:5:      layout_layer_cave, okawaru_trees_1, general_overflow_altar,
          minmay_temple_entry_junction
D:6:      layout_basic, kb_lookout_dungeons_type
D:7:      layout_basic, chequers_jeans
Temple:   regret_index_temple_waves

Skill      XL: |  1  2  3  4  5  6  7  8 |
---------------+-------------------------+-----
Spellcasting   | 3 4 5 6 |  6.7
Conjurations   | 5 6 7 8 |  8.1
Poison Magic   | 3 5 |  5.1
Invocations    | 1 |  1.3
Dodging        | |  1.7
Stealth        | |  1.7

Action                   |  1- 3 |  4- 6 |  7- 9 || total
-------------------------+-------+-------+-------++-------
Melee: Unarmed           |     5 |    12 |       ||    17
       Hand axe          |       |     7 |       ||     7
       Tailslap          |       |     4 |     4 ||     8
       Dagger            |       |    42 |    28 ||    70
 Cast: Magic Dart        |    68 |    33 |     1 ||   102
       Searing Ray       |       |    52 |    45 ||    97
 Abil: Breathe Noxious F |       |       |     1 ||     1
  Use: Scroll            |       |       |    10 ||    10
Armor: Skin              |    21 |    56 |    39 ||   116
Dodge: Dodged            |    30 |    49 |    46 ||   125

Table legend: (Time is in decaauts)
 A = Elapsed time spent in this place.
 B = Non-inter-level travel time spent in this place.
 C = Inter-level travel time spent in this place.
 D = Time resting spent in this place.
 E = Time spent auto-exploring this place.
 F = Levels seen in this place.
 G = Mean time per level.
                   A        B        C        D        E       F      G
               +--------+--------+--------+--------+--------+-----+--------+
         Total |   9724 |   9356 |    368 |   2381 |   5716 |   8 | 1215.5 |
       Dungeon |   9438 |   9156 |    282 |   2381 |   5535 |   7 | 1348.3 |
        Temple |    285 |    199 |     86 |      0 |    181 |   1 |  285.0 |
               +--------+--------+--------+--------+--------+-----+--------+

Top non-repeatable levels by time:
     D:3: 2014 daAuts
     D:6: 1723 daAuts
     D:5: 1628 daAuts
     D:4: 1491 daAuts
     D:1: 1374 daAuts
     D:2: 1040 daAuts
  Temple: 285 daAuts
     D:7: 164 daAuts
